 Dungeon Crawl Stone Soup version 0.27-a0-637-g3a9f0a9c12 (webtiles) character file.

Game seed: 4770127204737642500

257 siradein the Cudgeller (level 6, -8/93 HPs)
             Began as an Ogre Berserker on Mar 14, 2021.
             Was a Believer of Trog.
             Killed by divine providence
             ... invoked by an orc priest
              (10 damage)
             ... on level 4 of the Dungeon on Mar 15, 2021.
             The game lasted 00:11:57 (4886 turns).

siradein the Cudgeller (Ogre Berserker)             Turns: 4886, Time: 00:11:59

Health: -8/93      AC:  3    Str: 23    XL:     6   Next: 16%
Magic:  6/6        EV:  7    Int:  8    God:    Trog [**....]
Gold:   205        SH:  7    Dex:  9    Spells: 5/5 levels left

rFire    . . .     SeeInvis .   n - +2 whip (freeze)
rCold    . . .     Faith    .   c - +0 kite shield
rNeg     . . .     Spirit   .   b - +0 animal skin
rPois    .         Reflect  .   (helmet restricted)
rElec    .         Harm     .   (no cloak)
rCorr    .         Rampage  .   (gloves unavailable)
Will     ++...                  (boots unavailable)
Stlth    ..........             (no amulet)
HPRegen  1.25/turn              (no ring)
MPRegen  0.10/turn              (no ring)

@: berserking, regenerating, very quick
A: large, unfitting armour, tough skin 1
a: Renounce Religion, Berserk, Trog's Hand


You were on level 4 of the Dungeon.
You worshipped Trog.
Trog was pleased with you.
You visited 1 branch of the dungeon, and saw 4 of its levels.

You collected 205 gold pieces.

Inventory:

Hand Weapons
 n - a +2 whip of freezing (weapon)
Armour
 b - a +0 animal skin (worn)
 c - a +0 kite shield (worn)
Wands
 o - a wand of iceblast (4)
Scrolls
 a - a scroll of amnesia {unknown}
 e - 2 scrolls of identify
 f - 4 scrolls of immolation {unknown}
 h - 3 scrolls of teleportation {unknown}
 j - 2 scrolls of random uselessness {unknown}
 k - a scroll of noise {unknown}
 m - a scroll of magic mapping {unknown}
Potions
 d - a potion of haste
 g - a potion of heal wounds
 i - a potion of lignification
 l - a potion of resistance
 p - a potion of curing


   Skills:
 - Level 4.0 Fighting
 + Level 6.1 Maces & Flails
 - Level 2.6 Dodging


You had 5 spell levels left.
You didn't know any spells.
Your spell library was empty.

Dungeon Overview and Level Annotations

Branches:
Dungeon (4/15)             Temple (0/1) D:4

Altars:


Innate Abilities, Weirdness & Mutations

You are too large for most types of armour.
You have tough skin. (AC +1)


Message History

The orc barely misses you. x2
The orc priest hits you but does no damage.
You completely miss the orc priest.
The orc priest is moderately wounded.
The orc hits you but does no damage. The orc hits you with a +0 dagger.
The orc hits you with a +0 club. The orc barely misses you.
The orc priest hits you.
You hit the orc priest but do no damage.
The orc priest is moderately wounded.
The orc barely misses you. The orc hits you with a +0 falchion.
* * * LOW HITPOINT WARNING * * *
You block the orc's attack. x2; The orc priest hits you.
* * * LOW HITPOINT WARNING * * *
The orc hits you with a +0 dagger.
* * * LOW HITPOINT WARNING * * *
You closely miss the orc priest.
The orc priest is moderately wounded.
The orc hits you with a +0 falchion.
* * * LOW HITPOINT WARNING * * *
The orc hits you with a +0 club.
* * * LOW HITPOINT WARNING * * *
The orc misses you.
The orc priest hits you but does no damage.
The orc hits you but does no damage.
A red film seems to cover your vision as you go berserk!
You feel yourself moving faster!
You feel mighty!
The frilled lizard hisses angrily.
You block the orc's attack. The orc hits you with a +0 club.
* * * LOW HITPOINT WARNING * * *
You block the orc's attack. The orc priest hits you.
* * * LOW HITPOINT WARNING * * *
The orc hits you with a +0 dagger.
* * * LOW HITPOINT WARNING * * *
You barely miss the orc priest.
The orc priest is moderately wounded.
The orc barely misses you. The orc hits you with a +0 club.
* * * LOW HITPOINT WARNING * * *
The orc priest invokes the aid of Beogh against you.
Beogh smites you!
You die...

.###.## #.......# #88
..#..# #.......###8..
#.#.## #..........8.>
#.#.# #.........#8l.
#...# #..........#
#..## #...)......#
...########..........#
.#.)......#.....o....#
.########......o@o...#
## ###....o.o..##
#..........#
#..........#
#..........#
#..........#
#......<...#
##........##
##......##


You could see an orc priest, 4 orcs and a frilled lizard.

Vanquished Creatures
  A phantom (D:4)
  Ijyb (D:3)
  An orc wizard (D:3)
  3 gnolls
  An adder (D:3)
  3 dart slugs
  3 leopard geckos
  6 orcs
  16 goblins
  13 hobgoblins
  3 jackals (D:1)
  A quokka (D:3)
  A ball python (D:1)
  5 bats
  2 frilled lizards
  12 kobolds
  5 rats
77 creatures vanquished.

Notes
Turn   | Place    | Note
-------+----------+-------------------------------------------
     0 | D:1      | siradein the Ogre Berserker began the quest for the Orb.
     0 | D:1      | Reached XP level 1. HP: 24/24 MP: 1/1
   114 | D:1      | Reached skill level 3 in Maces & Flails
   182 | D:1      | Reached XP level 2. HP: 29/32 MP: 2/2
   982 | D:1      | Reached XP level 3. HP: 30/39 MP: 3/3
  1204 | D:1      | Reached ** piety under Trog
  1499 | D:2      | Reached skill level 4 in Maces & Flails
  1969 | D:2      | Reached XP level 4. HP: 15/48 MP: 4/4
  3296 | D:3      | Noticed Ijyb
  3319 | D:3      | Killed Ijyb
  3320 | D:3      | Reached skill level 5 in Maces & Flails
  3322 | D:3      | Reached XP level 5. HP: 29/54 MP: 5/5
  4680 | D:4      | Found a staircase to the Ecumenical Temple.
  4685 | D:4      | Noticed a phantom
  4715 | D:4      | Killed a phantom
  4716 | D:4      | Reached skill level 6 in Maces & Flails
  4716 | D:4      | Reached XP level 6. HP: 31/62 MP: 6/6
  4885 | D:4      | HP: 4/93 [orc/+0 dagger (1)]
  4886 | D:4      | Killed from afar by an orc priest

Illustrated notes

Levels and vault maps discovered:
D:1:      erik_arrival_triangle_medium, layout_loops_cross
D:2:      cheibrodos_greedy_goblins, layout_loops_corners
D:3:      layout_basic, nicolae_overflow_hidden_temple, uniq_natasha, uniq_ijyb
D:4:      layout_rooms, overflow_temple_1_default, minmay_temple_entry_statues

Skill      XL: |  1  2  3  4  5 |
---------------+----------------+-----
Maces & Flails | 3 4 5 6 |  6.1
Fighting       | |  4.0
Dodging        | |  2.6

Action                   |  1- 3 |  4- 6 || total
-------------------------+-------+-------++-------
Melee: Mace              |   129 |     7 ||   136
       Whip              |       |   124 ||   124
Invok: Trog's Hand       |     1 |     2 ||     3
       Berserk           |       |     2 ||     2
  Use: Scroll            |       |     6 ||     6
Armor: Animal skin       |    28 |    41 ||    69
Dodge: Dodged            |    30 |    55 ||    85
Block: Kite shield       |    44 |    56 ||   100

Table legend: (Time is in decaauts)
 A = Elapsed time spent in this place.
 B = Non-inter-level travel time spent in this place.
 C = Inter-level travel time spent in this place.
 D = Time resting spent in this place.
 E = Time spent auto-exploring this place.
 F = Levels seen in this place.
 G = Mean time per level.
                   A        B        C        D        E       F      G
               +--------+--------+--------+--------+--------+-----+--------+
         Total |   4984 |   4930 |     54 |    305 |   3887 |   4 | 1246.0 |
       Dungeon |   4984 |   4930 |     54 |    305 |   3887 |   4 | 1246.0 |
               +--------+--------+--------+--------+--------+-----+--------+

Top non-repeatable levels by time:
     D:1: 1474 daAuts
     D:2: 1433 daAuts
     D:3: 1383 daAuts
     D:4: 693 daAuts
